 Dungeon Crawl Stone Soup version 0.25.1-2-g60ff931df9 (webtiles) character file.

Game seed: 8094446762055934231

451 humannomore the Spear-Bearer (level 7, 0/56 HPs)
             Began as a Merfolk Chaos Knight on Aug 22, 2020.
             Was a Plaything of Xom.
             Succumbed to an orange demon's poison
             ... on level 4 of the Dungeon.
             The game lasted 00:42:16 (4255 turns).

humannomore the Spear-Bearer (Merfolk Chaos Knight) Turns: 4255, Time: 00:42:16

Health: 0/56       AC: 13    Str: 14      XL:     7   Next: 4%
Magic:  7/7        EV: 23    Int: 11      God:    Xom [......]
Gold:   164        SH:  0    Dex: 15 (16) Spells: 6/6 levels left

rFire    . . .     SeeInvis .   j - +2 spear (freeze)
rCold    . . .     Gourm    .   (no shield)
rNeg     + . .     Faith    .   p - +3 chain mail {rN+}
rPois    .         Spirit   .   i - +0 hat
rElec    .         Reflect  .   f - +0 cloak
rCorr    .         Harm     .   e - +0 pair of gloves
MR       +....                  (no boots)
Stlth    ..........             q - amulet of the acrobat
HPRegen  0.18/turn              r - ring of protection from magic
MPRegen  0.10/turn              (no ring)

@: lethally poisoned (0 -> -11), weakened, acrobat
A: change form in water, swift swim, stealthy swim, molten scales 1, rugged
brown scales 1, deformed body, deterioration 1, strong 1, MP-powered wands
a: Renounce Religion


You were on level 4 of the Dungeon.
You worshipped Xom.
You were a very special plaything of Xom.
You were not hungry.

You visited 1 branch of the dungeon, and saw 4 of its levels.

You collected 164 gold pieces.

Inventory:

Hand Weapons
 a - a +0 spear of chaos
 j - a +2 spear of freezing (weapon)
 l - a +0 mace
 o - a +2 quarterstaff of chaos
 x - a cursed -3 flail
 y - a +0 trident
Armour
 b - a +2 leather armour
 e - a +0 pair of gloves (worn)
 f - a +0 cloak (worn)
 i - a +0 hat (worn)
 p - a +3 chain mail of positive energy (worn)
 w - a +0 plate armour
 z - a +0 kite shield
Jewellery
 q - an amulet of the acrobat (around neck)
 r - a ring of protection from magic (left hand)
Scrolls
 g - a scroll of identify
 m - 2 scrolls of fog
 n - a scroll of amnesia
 v - a scroll of magic mapping {unknown}
Potions
 d - a potion of invisibility
 h - 2 potions of curing
 k - a potion of magic
 s - a potion of flight
Comestibles
 c - 3 rations
 u - 4 chunks of flesh


   Skills:
 + Level 4.4 Fighting
 + Level 8.0 Polearms
 + Level 2.8 Armour
 + Level 4.0 Dodging
 + Level 0.5 Stealth


You had 6 spell levels left.
You didn't know any spells.
Your spell library was empty.

Dungeon Overview and Level Annotations

Branches:
Dungeon (4/15)             Temple (0/1) D:4

Altars:

Annotations:
D:4 emsyzz's ghost, amateur DEFE


Innate Abilities, Weirdness & Mutations

You revert to your normal form in water.
You are very nimble and swift while swimming.
You are very stealthy in the water. (Stealth+)
You are partially covered in molten scales. (AC +2)
You are partially covered in rugged brown scales. (AC +1, +3% HP)
Armour fits poorly on your strangely shaped body.
Your body sometimes deteriorates upon taking damage.
Your muscles are strong. (Str +2)
You expend magic power (3 MP) to strengthen your wands.


Message History

The orange demon poisons you!
* * * LOW HITPOINT WARNING * * *
You feel sick.
* * * LOW HITPOINT WARNING * * *
You feel sick.
* * * LOW HITPOINT WARNING * * *
You feel sick.
* * * LOW HITPOINT WARNING * * *
You feel sick.
The white imp shouts!
Emsyzz's ghost turns its malevolent gaze towards you.
Found a ring of fire.
* * * LOW HITPOINT WARNING * * *
You feel sick.
* * * LOW HITPOINT WARNING * * *
You feel sick.
* * * LOW HITPOINT WARNING * * *
You feel sick.
You die...
Xom laughs nastily!

...###........#.....#.###
...###........###'###...#
...
.........###.รท..########
....##.....................#
#.#.##.......#####.........#
#..........#............[#
#..<.....)..###.....#####
..#....########.###.#
#.#.54.4...@........
##...####..#####.......
#..### #### ##......# ##.##
.Z5W.. #......# #..#
..ZZZ### ##.....# #...#
..#..... #.....# #..#..#.
#...=.. .......#..##.....
.......# ..#


You could see an orange demon (summoned), a hellwing (summoned), an iron imp
(summoned) and an adder simulacrum.

Vanquished Creatures
  A scorpion (D:4)
  3 hounds (D:4)
  Crazy Yiuf (D:2)
  An orc priest (D:4)
  Terence (D:2)
  An orc wizard (D:4)
  A worker ant (D:4)
  A hound skeleton (D:4)
  2 adders
  An adder skeleton (D:4)
  2 worms
  A leopard gecko (D:3)
  3 orcs
  9 bats
  3 giant cockroaches
  6 goblins
  8 hobgoblins
  4 jackals (D:3)
  10 kobolds
  4 quokkas
  A ball python (D:2)
  7 frilled lizards
  4 rats
75 creatures vanquished.

Vanquished Creatures (collateral kills)
  An ogre (D:3)
  A bat (D:1)
2 creatures vanquished.

Grand Total: 77 creatures vanquished

Notes
Turn   | Place    | Note
-------+----------+-------------------------------------------
     0 | D:1      | humannomore the Merfolk Chaos Knight began the quest for
                  | the Orb.
     0 | D:1      | Reached XP level 1. HP: 18/18 MP: 1/1
    46 | D:1      | XOM: divination: detect items
   124 | D:1      | Reached XP level 2. HP: 24/24 MP: 2/2
   148 | D:1      | Reached skill level 5 in Polearms
   221 | D:1      | XOM: divination: detect items
   818 | D:2      | XOM: give mutations
   818 | D:2      | Gained mutation: You are agile. (Dex +2) [Xom's mischief]
   818 | D:2      | Gained mutation: You possess an exceptional clarity of
                  | mind. [Xom's mischief]
   818 | D:2      | Gained mutation: Armour fits poorly on your strangely
                  | shaped body. [Xom's mischief]
   818 | D:2      | Lost mutation: You possess an exceptional clarity of mind.
                  | [Xom's mischief]
  1000 | D:2      | Found a runed translucent door.
  1001 | D:2      | Noticed Crazy Yiuf
  1007 | D:2      | XOM: torment (13/24 hp)
  1012 | D:2      | XOM: 3-stop teleportation journey
  1051 | D:2      | Reached XP level 3. HP: 20/29 MP: 3/3
  1446 | D:2      | Noticed Terence
  1476 | D:2      | Killed Terence
  1476 | D:2      | Reached skill level 6 in Polearms
  1476 | D:2      | Reached XP level 4. HP: 6/37 MP: 4/4
  1590 | D:2      | XOM: 4-stop teleportation journey
  1769 | D:2      | Reached skill level 1 in Armour
  1887 | D:2      | Killed Crazy Yiuf
  2278 | D:2      | XOM: give mutations
  2278 | D:2      | Gained mutation: You expend magic power (3 MP) to
                  | strengthen your wands. [Xom's grace]
  2278 | D:2      | Gained mutation: Your muscles are strong. (Str +2) [Xom's
                  | grace]
  2278 | D:2      | Gained mutation: You are partially covered in rugged brown
                  | scales. (AC +1, +3% HP) [Xom's grace]
  2278 | D:2      | Gained mutation: You are partially covered in molten
                  | scales. (AC +2) [Xom's grace]
  2395 | D:2      | XOM: give mutations
  2395 | D:2      | Lost mutation: You are agile. (Dex +2) [Xom's mischief]
  2395 | D:2      | Gained mutation: Your body sometimes deteriorates upon
                  | taking damage. [Xom's mischief]
  2714 | D:3      | Reached XP level 5. HP: 43/43 MP: 5/5
  2931 | D:3      | Noticed an ogre
  2948 | D:3      | XOM: summons friendly iron imp
  2950 | D:3      | Killed an ogre
  3233 | D:3      | Reached skill level 7 in Polearms
  3378 | D:3      | XOM: torment (25/43 hp)
  3473 | D:3      | XOM: 4-stop teleportation journey
  3794 | D:3      | XOM: summons 4 hostile shadow creatures
  3951 | D:4      | Reached XP level 6. HP: 44/49 MP: 6/6
  4063 | D:4      | XOM: polymorph adder -> kobold
  4155 | D:4      | Found a staircase to the Ecumenical Temple.
  4175 | D:4      | Reached skill level 8 in Polearms
  4175 | D:4      | Reached XP level 7. HP: 56/56 MP: 7/7
  4225 | D:4      | XOM: summons 3 hostile demons
  4226 | D:4      | Noticed an orange demon
  4226 | D:4      | Noticed a hellwing
  4251 | D:4      | Noticed emsyzz's ghost (amateur DEFE)
  4254 | D:4      | HP: 1/56 [poisoned by an orange demon]
  4255 | D:4      | Succumbed to an orange demon's poison

Illustrated notes

Levels and vault maps discovered:
D:1:      dpeg_arrival_houses_and_road, layout_basic
D:2:      minmay_inner_zag, layout_loops_ring, first_ration,
          uniq_crazy_yiuf_cottage, uniq_terence
D:3:      layout_basic, minmay_misc_feat_tiny, solitary_fountain
D:4:      layout_rooms, minmay_temple_entry_hall, gammafunk_ghost_icy,
          minmay_shop_grid_forest, minmay_vboxes, uniq_menkaure

Skill      XL: |  1  2  3  4  5  6 |
---------------+-------------------+-----
Polearms       | 5 6 7 8 |  8.0
Dodging        | 3 4 |  4.0
Armour         | 1 2 |  2.8
Fighting       | 4 |  4.4
Stealth        | |  0.5

Action                   |  1- 3 |  4- 6 |  7- 9 || total
-------------------------+-------+-------+-------++-------
Melee: Spear             |   123 |   214 |    12 ||   349
  Use: Scroll            |       |    10 |     1 ||    11
  Eat: Chunk             |     1 |     4 |       ||     5
       Ration            |       |     2 |       ||     2
Armor: Leather armour    |    40 |       |       ||    40
       Chain mail        |       |   109 |    18 ||   127
Dodge: Dodged            |    75 |    70 |    20 ||   165
